[Event "January 9 Early 2024"]
[Site "https://www.chess.com"]
[Date "2024.01.11"]
[Round "4"]
[White "Svane, Rasmus"]
[Black "Wojtaszek, Radoslaw"]
[Result "1/2-1/2"]
[Board "163"]
[TimeControl "180+1"]
[WhiteFideId "4657101"]
[BlackFideId "1118358"]
[WhiteElo "3017"]
[BlackElo "2874"]
[WhiteTeam "GER"]
[BlackTeam "POL"]
[WhiteClock "0:00:07"]
[BlackClock "0:00:25"]

1. Nf3 Nf6 2. g3 c5 3. Bg2 Nc6 4. c4 d5 5. cxd5 Nxd5 6. Nc3 Nc7 7. a3 e6 8. O-O Be7 9. e3 O-O 10. d4 cxd4 11. exd4 Bf6 12. Be3 Nd5 13. Nxd5 exd5 14. Rc1 Qb6 15. Ne5 Qxb2 16. Nxc6 bxc6 17. Rxc6 Be6 18. Ra6 Rfc8 19. Qa4 h5 20. h4 Rc4 21. Qa5 Bxd4 22. Bxd5 Rc5 23. Bxd4 Rxa5 24. Bxb2 Rxd5 25. Bc1 Rd7 26. Ra5 Rad8 27. Be3 Bc4 28. Rc1 Rd1+ 29. Rxd1 Rxd1+ 30. Kg2 a6 31. Rxh5 Bd5+ 32. f3 f6 33. g4 g6 34. Rh6 Kg7 35. h5 g5 36. Rg6+ Kf7 37. Kf2 Rd3 38. a4 a5 39. Rh6 Kg7 40. Rg6+ Kf7 41. Rh6 Kg7 42. Rg6+ Kf7 1/2-1/2

[Event "January 9 Early 2024"]
[Site "https://www.chess.com"]
[Date "2024.01.11"]
[Round "4"]
[White "Skiadopoulos, Nikolaos"]
[Black "Teillet, Benoit"]
[Result "0-1"]
[Board "164"]
[TimeControl "180+1"]
[WhiteFideId "4200772"]
[BlackFideId "616591"]
[WhiteElo "1935"]
[BlackElo "2272"]
[WhiteTeam "GRE"]
[BlackTeam "FRA"]
[WhiteClock "0:00:02"]
[BlackClock "0:00:16"]

1. e4 d6 2. d4 Nf6 3. Nc3 g6 4. Be2 Bg7 5. Be3 c6 6. a4 Qa5 7. f3 O-O 8. Qd2 Nbd7 9. g4 e5 10. O-O-O Rb8 11. Kb1 b5 12. axb5 cxb5 13. Nd5 Qa4 14. Ne7+ Kh8 15. g5 Nh5 16. d5 Nc5 17. Nc6 Rb6 18. Qb4 Bd7 19. Qxa4 bxa4 20. Na5 a3 21. Nc4 Rb4 22. Nxa3 Rfb8 23. Nc4 Na4 24. Bc1 Nc3+ 25. Ka1 Nxd1 26. Bxd1 Rxc4 27. Ne2 Nf4 28. Nc3 a5 29. h4 Kg8 30. Bd2 a4 31. Ka2 Rcb4 32. Bc1 f6 0-1

[Event "January 9 Early 2024"]
[Site "https://www.chess.com"]
[Date "2024.01.11"]
[Round "4"]
[White "Chigaev, Maksim"]
[Black "Krzyzanowski, Marcin"]
[Result "1-0"]
[Board "165"]
[TimeControl "180+1"]
[WhiteFideId "4108116"]
[BlackFideId "1132199"]
[WhiteElo "2964"]
[BlackElo "2789"]
[WhiteTeam "ESP"]
[BlackTeam "POL"]
[WhiteClock "0:00:22"]
[BlackClock "0:00:03"]

1. c4 e5 2. Nc3 Nf6 3. Nf3 Nc6 4. g3 Bb4 5. Bg2 O-O 6. Nd5 a5 7. a3 Bc5 8. O-O h6 9. Nxe5 Nxe5 10. d4 Bd6 11. c5 Nc4 12. Nxf6+ Qxf6 13. cxd6 Nxd6 14. e4 Qe7 15. e5 Nf5 16. Re1 d6 17. Bf4 dxe5 18. Rxe5 Qd8 19. d5 Nd6 20. Rc1 a4 21. h4 Bf5 22. Qd4 Bh7 23. Re2 Qd7 24. Qc5 Rfc8 25. Rce1 b6 26. Qc6 Qxc6 27. dxc6 Nb5 28. Re7 Bf5 29. R1e5 Nd6 30. Re1 Nb5 31. Bd5 Bg6 32. Rd7 Re8 33. Rxe8+ Rxe8 34. Bxc7 Re1+ 35. Kg2 Nxc7 36. Rxc7 Rd1 37. Bf3 Bf5 38. Bxd1 1-0

[Event "January 9 Early 2024"]
[Site "https://www.chess.com"]
[Date "2024.01.11"]
[Round "4"]
[White "Kleibel, Uwe"]
[Black "Rakhmatullaev, Almas"]
[Result "0-1"]
[Board "166"]
[TimeControl "180+1"]
[WhiteFideId "1270982"]
[BlackFideId "14205793"]
[WhiteElo "2377"]
[BlackElo "2829"]
[WhiteTeam "GER"]
[BlackTeam "UZB"]
[WhiteClock "0:00:18"]
[BlackClock "0:00:20"]

1. e4 e5 2. Nf3 Nf6 3. Nxe5 Nxe4 4. Qe2 Qe7 5. Qxe4 d6 6. d4 dxe5 7. dxe5 Nc6 8. Nc3 Qxe5 9. Qxe5+ Nxe5 10. Bf4 Bd6 11. Bg3 f6 12. O-O-O h5 13. Nb5 h4 14. Rxd6 hxg3 15. Nxc7+ Ke7 16. Rd1 Rxh2 17. Rxh2 gxh2 18. Be2 Rb8 19. Rh1 Bd7 20. Rxh2 Bc6 21. f4 Nd7 22. Rh7 a6 23. f5 Kd6 24. Ne6 g6 25. Nd4 gxf5 26. Nxf5+ Ke5 27. Bd3 Nc5 28. Rh5 Nxd3+ 29. cxd3 Be8 30. d4+ Kf4 0-1

[Event "January 9 Early 2024"]
[Site "https://www.chess.com"]
[Date "2024.01.11"]
[Round "4"]
[White "Potkin, Vladimir"]
[Black "Eilenberg, Jonas"]
[Result "1-0"]
[Board "167"]
[TimeControl "180+1"]
[WhiteFideId "4131061"]
[BlackFideId "16204271"]
[WhiteElo "2673"]
[BlackElo "2389"]
[WhiteTeam "RUS"]
[BlackTeam "GER"]
[WhiteClock "0:00:41"]
[BlackClock "0:00:04"]

1. Nf3 d5 2. e3 Nf6 3. c4 e6 4. b3 Be7 5. Bb2 O-O 6. Nc3 b6 7. cxd5 exd5 8. g3 Bb7 9. Bg2 Nbd7 10. O-O h6 11. Rc1 c5 12. d4 Rc8 13. Qe2 c4 14. bxc4 dxc4 15. e4 a6 16. a4 Bb4 17. Nd2 Bxc3 18. Bxc3 b5 19. axb5 axb5 20. Rb1 Qb6 21. d5 Rfe8 22. Bxf6 Nxf6 23. Nxc4 Qc7 24. Ne3 Ba6 25. Qd3 Nd7 26. d6 Qc5 27. Rfd1 Re6 28. Nf5 Ne5 29. Qd4 Qxd4 30. Rxd4 Rd8 31. f4 Nc4 32. e5 f6 33. Bd5 Kf7 34. Ra1 fxe5 35. fxe5 Nxe5 36. Rxa6 g6 37. d7 gxf5 38. Rxe6 Nf3+ 39. Bxf3 Kxe6 40. Bc6 Ke5 41. Rd1 b4 42. Ba4 Ke6 43. Kf2 Ke5 44. Ke3 h5 45. h4 Kf6 46. Kf4 Ke6 47. Re1+ 1-0

[Event "January 9 Early 2024"]
[Site "https://www.chess.com"]
[Date "2024.01.11"]
[Round "4"]
[White "Matta, Nicholas"]
[Black "Bryakin, Mikhail"]
[Result "1-0"]
[Board "168"]
[TimeControl "180+1"]
[WhiteFideId "30914523"]
[BlackFideId "4165314"]
[WhiteElo "2551"]
[BlackElo "2836"]
[WhiteTeam "USA"]
[BlackTeam "SRB"]
[WhiteClock "0:00:20"]
[BlackClock "0:00:01"]

1. Nf3 g6 2. g3 Bg7 3. Bg2 c6 4. O-O d5 5. d4 Nf6 6. c4 O-O 7. Nc3 Be6 8. cxd5 Nxd5 9. e4 Nb6 10. h3 N8d7 11. Be3 Bc4 12. Re1 e5 13. d5 cxd5 14. exd5 Rc8 15. Rc1 h6 16. Nd2 Ba6 17. Nde4 f5 18. Nd6 Rc7 19. Ndb5 Bxb5 20. Nxb5 Rxc1 21. Qxc1 a6 22. Nd6 Qb8 23. Bxb6 Nxb6 24. Qc5 Nd7 25. Qb4 b5 26. Rc1 a5 27. Qxb5 Qxd6 28. Rc6 Qb4 29. Qa6 Nf6 30. d6 Qxb2 31. d7 Qxa2 32. Rxf6 Bxf6 33. Qxf6 Rxf6 34. d8=Q+ Kg7 35. Bd5 Qb1+ 36. Kh2 Rf7 37. Qe8 Ra7 38. Qg8+ Kf6 39. Qf8+ Kg5 40. Qd8+ 1-0

[Event "January 9 Early 2024"]
[Site "https://www.chess.com"]
[Date "2024.01.11"]
[Round "4"]
[White "Buchenau, Frank"]
[Black "Kraiouchkine, Nikita"]
[Result "0-1"]
[Board "169"]
[TimeControl "180+1"]
[WhiteFideId "4604350"]
[BlackFideId "2607140"]
[WhiteElo "2408"]
[BlackElo "2629"]
[WhiteTeam "GER"]
[BlackTeam "CAN"]
[WhiteClock "0:00:09"]
[BlackClock "0:00:16"]

1. e4 e5 2. Bc4 Nf6 3. d3 Nc6 4. Nf3 Be7 5. O-O O-O 6. Re1 d6 7. a4 a6 8. a5 h6 9. c3 Re8 10. Qb3 Rf8 11. Nbd2 g5 12. Nf1 Kg7 13. h4 gxh4 14. Nxh4 Nxe4 15. dxe4 Bxh4 16. Ne3 Ne7 17. Bd2 c6 18. Red1 Qc7 19. Be1 f5 20. exf5 Nxf5 21. Nxf5+ Bxf5 22. Be6 Rae8 23. Bxf5 Rxf5 24. c4 Qf7 25. g3 Bg5 26. Rxd6 e4 27. Rad1 e3 28. f4 Bxf4 29. Rd7 Re7 30. Rxe7 Qxe7 31. gxf4 Rxf4 32. Qc3+ Kg6 33. Bg3 Qg5 34. Kh2 Qh5+ 35. Kg1 Qxd1+ 36. Kg2 Qd2+ 37. Kh3 Qxc3 38. bxc3 Rxc4 0-1

[Event "January 9 Early 2024"]
[Site "https://www.chess.com"]
[Date "2024.01.11"]
[Round "4"]
[White "Zaksaite, Salomeja"]
[Black "Pappelis, Dimitrios"]
[Result "0-1"]
[Board "170"]
[TimeControl "180+1"]
[WhiteFideId "12801496"]
[BlackFideId "4215281"]
[WhiteElo "2315"]
[BlackElo "2168"]
[WhiteTeam "LTU"]
[BlackTeam "GRE"]
[WhiteClock "0:00:01"]
[BlackClock "0:00:37"]

1. e4 c5 2. Nf3 e6 3. b3 d5 4. exd5 exd5 5. Bb5+ Bd7 6. Bxd7+ Nxd7 7. O-O Be7 8. d4 Ngf6 9. Bb2 O-O 10. dxc5 Nxc5 11. Nbd2 Nce4 12. Ne5 Rc8 13. Ndf3 Bc5 14. Qd3 Qb6 15. Bd4 Rfe8 16. Bxc5 Qxc5 17. c4 dxc4 18. Nxc4 Rcd8 19. Qc2 h6 20. h3 b5 21. Ne3 Qxc2 22. Nxc2 Nd2 23. Nxd2 Rxd2 24. Ne3 Ne4 25. Rad1 Rxa2 26. Rd4 Nc3 27. Kh2 a5 28. Nd5 Nxd5 29. Rxd5 Rb8 30. f3 a4 31. bxa4 bxa4 32. Rfd1 Rbb2 33. Rg1 a3 34. Ra5 Rc2 35. Ra7 g6 36. Kg3 h5 37. h4 Kg7 38. Kh3 Rc3 39. Kg3 Rb2 40. Ra1 Rcc2 0-1

[Event "January 9 Early 2024"]
[Site "https://www.chess.com"]
[Date "2024.01.11"]
[Round "4"]
[White "Yurovskykh, Oleksandr"]
[Black "Gavrilov, Maxim"]
[Result "1-0"]
[Board "171"]
[TimeControl "180+1"]
[WhiteFideId "14134020"]
[BlackFideId "24271454"]
[WhiteElo "2624"]
[BlackElo "2451"]
[WhiteTeam "UKR"]
[BlackTeam "RUS"]
[WhiteClock "0:00:06"]
[BlackClock "0:00:21"]

1. d4 Nf6 2. Nf3 d5 3. c3 Bf5 4. Qb3 Qc8 5. Bg5 Nbd7 6. e3 e6 7. c4 c6 8. Nc3 Be7 9. Rc1 O-O 10. Nh4 Bg6 11. Nxg6 hxg6 12. Be2 dxc4 13. Bxc4 c5 14. Bxf6 Bxf6 15. d5 exd5 16. Nxd5 b6 17. h4 Ne5 18. h5 gxh5 19. Nxf6+ gxf6 20. Rxh5 Qg4 21. Rh2 Nf3+ 22. gxf3 Qg1+ 23. Bf1 Qxh2 24. Rc4 Rfd8 25. Rg4+ Kf8 26. Qc4 Qd6 27. Be2 Qe5 28. Qc2 f5 29. Rf4 Rd6 30. Rxf5 Qg7 31. Bc4 f6 32. Bd5 Re8 33. e4 Re5 34. Rxe5 fxe5 35. Qa4 Qc7 36. Ke2 Rf6 37. Qd1 Qg7 38. Qh1 Ke7 39. Qh5 Qg2 40. Qxe5+ Re6 41. Qxe6+ Kf8 42. Qf7# 1-0

[Event "January 9 Early 2024"]
[Site "https://www.chess.com"]
[Date "2024.01.11"]
[Round "4"]
[White "Viana, Valeria"]
[Black "Topalov, Aleksandar"]
[Result "0-1"]
[Board "172"]
[TimeControl "180+1"]
[WhiteFideId "8407100"]
[BlackFideId "925659"]
[WhiteElo "2099"]
[BlackElo "2441"]
[WhiteTeam "HON"]
[BlackTeam "SRB"]
[WhiteClock "0:00:12"]
[BlackClock "0:00:15"]

1. e4 e6 2. d4 d5 3. exd5 exd5 4. Bd3 Bd6 5. Ne2 Ne7 6. O-O O-O 7. Bf4 Nbc6 8. c3 Ng6 9. Bg3 Nce7 10. Qc2 f5 11. f4 c5 12. Bb5 a6 13. Ba4 b5 14. Bb3 c4 15. Nd2 Bd7 16. Nf3 cxb3 17. Qxb3 Kh8 18. Ne5 Bxe5 19. dxe5 Be6 20. Nd4 Qd7 21. a4 bxa4 22. Rxa4 Rfb8 23. Qa2 Rb6 24. Ra1 Nc6 25. Ne2 d4 26. Qa3 dxc3 27. Nxc3 h6 28. Bf2 Rb7 29. g3 a5 30. Rd1 Qe8 31. Rd6 Rab8 32. Qc5 Nd8 33. Rxa5 Rxb2 34. Ra7 R2b7 35. Rxb7 Rxb7 36. Nb5 Rxb5 0-1

[Event "January 9 Early 2024"]
[Site "https://www.chess.com"]
[Date "2024.01.11"]
[Round "4"]
[White "Wantiez, Fabrice"]
[Black "Maltsevskaya, Aleksandra"]
[Result "1/2-1/2"]
[Board "173"]
[TimeControl "180+1"]
[WhiteFideId "202274"]
[BlackFideId "24174041"]
[WhiteElo "2405"]
[BlackElo "2567"]
[WhiteTeam "BEL"]
[BlackTeam "POL"]
[WhiteClock "0:00:49"]
[BlackClock "0:00:06"]

1. e4 c6 2. d4 d5 3. Nc3 dxe4 4. Nxe4 Nf6 5. Nxf6+ exf6 6. Nf3 Bd6 7. g3 O-O 8. Bg2 Re8+ 9. Be3 Qb6 10. O-O Qxb2 11. c4 Nd7 12. c5 Bf8 13. Qa4 b5 14. cxb6 Nxb6 15. Qxc6 Ba6 16. Rfb1 Qa3 17. Nd2 Rac8 18. Qf3 Rc2 19. Nb3 Be2 20. Qb7 Rxa2 21. Qc6 Rc8 22. Qe4 Rxa1 23. Rxa1 Qxb3 24. Bh3 Rd8 25. Bd2 Bf3 26. Qe3 Qxe3 27. fxe3 Nc4 28. Bc1 a5 29. Bf1 Bd5 30. e4 Be6 31. d5 Bc5+ 32. Kg2 Ne3+ 33. Bxe3 Bxe3 34. dxe6 fxe6 35. Bc4 Rd2+ 36. Kf3 Bd4 37. Rxa5 Kf7 38. h4 h5 39. Be2 Kg6 40. Ra3 Be5 41. Rd3 Rxd3+ 42. Bxd3 Kf7 43. Be2 g6 44. Bd3 Ke7 45. g4 hxg4+ 46. Kxg4 Kf7 47. h5 gxh5+ 48. Kxh5 Bd6 49. Kg4 Kg6 50. Bc4 f5+ 51. exf5+ exf5+ 52. Kf3 Be7 53. Bd3 Kf6 54. Bxf5 1/2-1/2

[Event "January 9 Early 2024"]
[Site "https://www.chess.com"]
[Date "2024.01.11"]
[Round "4"]
[White "Valle Luis, Leo"]
[Black "Mayaud, Raphael"]
[Result "1-0"]
[Board "174"]
[TimeControl "180+1"]
[WhiteFideId "54577187"]
[BlackFideId "627151"]
[WhiteElo "2506"]
[BlackElo "2307"]
[WhiteTeam "ESP"]
[BlackTeam "FRA"]
[WhiteClock "0:00:18"]
[BlackClock "0:00:15"]

1. e4 d5 2. exd5 Qxd5 3. Nc3 Qa5 4. Nf3 c6 5. Bc4 Nf6 6. d3 Bg4 7. h3 Bh5 8. Qe2 e6 9. Bd2 Qc7 10. g4 Bg6 11. Ne5 Nbd7 12. Nxd7 Qxd7 13. O-O-O O-O-O 14. f4 Bc5 15. Rdf1 Rhe8 16. Ne4 Bxe4 17. dxe4 Qd4 18. Bd3 Qd7 19. g5 Ng8 20. Bc3 g6 21. Rd1 Qc7 22. Rhf1 Be7 23. Kb1 Kb8 24. h4 Rd7 25. Rde1 Bd6 26. Qf3 Ne7 27. Qf2 Qb6 28. Bd4 c5 29. Bc3 Nc6 30. f5 exf5 31. exf5 Rde7 32. Rxe7 Rxe7 33. fxg6 hxg6 34. Bc4 Ne5 35. Bd5 Qc7 36. Rd1 a6 37. a3 Nc6 38. Qg2 Nd4 39. Bxd4 cxd4 40. Rxd4 Re1+ 41. Ka2 Bc5 42. Rd3 Ka7 43. Bb3 Bb6 44. Rf3 Qe5 45. Rxf7 Rg1 46. Qxb7# 1-0

[Event "January 9 Early 2024"]
[Site "https://www.chess.com"]
[Date "2024.01.11"]
[Round "4"]
[White "Zemlyanskii, Ivan"]
[Black "Kiselev, Vitalii"]
[Result "1-0"]
[Board "175"]
[TimeControl "180+1"]
[WhiteFideId "24249971"]
[BlackFideId "4194128"]
[WhiteElo "2998"]
[BlackElo "2747"]
[WhiteTeam "RUS"]
[BlackTeam "FID"]
[WhiteClock "0:00:18"]
[BlackClock "0:00:20"]

1. d4 Nf6 2. c4 g6 3. Nc3 d5 4. cxd5 Nxd5 5. e4 Nxc3 6. bxc3 Bg7 7. Nf3 c5 8. Bb5+ Bd7 9. Be2 O-O 10. O-O cxd4 11. cxd4 Bg4 12. Be3 Nc6 13. d5 Bxf3 14. Bxf3 Bxa1 15. Qxa1 Na5 16. Bh6 f6 17. Bxf8 Kxf8 18. e5 Nc4 19. exf6 exf6 20. Qd4 Ne5 21. d6 Qd7 22. Be4 Kg7 23. Rc1 Rc8 24. Rxc8 Qxc8 25. g3 b6 26. Qd5 Qd7 27. Qa8 Nf7 28. Bd5 Qxd6 29. Qb7 Qf8 30. Qxa7 b5 31. Qb7 b4 32. Kf1 f5 33. Ke2 Kf6 34. Qxf7+ Qxf7 35. Bxf7 Kxf7 36. Kd3 Ke6 37. Kc4 Ke5 38. Kxb4 Ke4 39. a4 Kf3 40. a5 Kxf2 41. a6 g5 42. a7 f4 43. gxf4 gxf4 44. a8=Q f3 45. Qh8 1-0

[Event "January 9 Early 2024"]
[Site "https://www.chess.com"]
[Date "2024.01.11"]
[Round "4"]
[White "Darmanin, Jake"]
[Black "Nikulina, Alena"]
[Result "0-1"]
[Board "176"]
[TimeControl "180+1"]
[WhiteFideId "5601061"]
[BlackFideId "4172051"]
[WhiteElo "2304"]
[BlackElo "2125"]
[WhiteTeam "MLT"]
[BlackTeam "RUS"]
[WhiteClock "0:00:03"]
[BlackClock "0:00:07"]

1. e4 c5 2. Nf3 e6 3. c3 d5 4. exd5 exd5 5. d4 Nf6 6. Bb5+ Nc6 7. O-O Bd6 8. dxc5 Bxc5 9. Nbd2 O-O 10. Nb3 Bb6 11. Bg5 Be6 12. Nbd4 Nxd4 13. Nxd4 h6 14. Bh4 g5 15. Bg3 Ne4 16. Qh5 Qf6 17. Kh1 Kh7 18. Bd3 Bxd4 19. cxd4 Qxd4 20. Rad1 Bf5 21. Bb1 Qxb2 22. Qf3 Bg6 23. Bc7 Rac8 24. Ba5 f5 25. Rxd5 Rf7 26. h3 b6 27. Be1 Rc1 28. Bxe4 fxe4 29. Qe3 Rc2 0-1

[Event "January 9 Early 2024"]
[Site "https://www.chess.com"]
[Date "2024.01.11"]
[Round "4"]
[White "Pakleza, Zbigniew"]
[Black "Erigaisi Arjun"]
[Result "1-0"]
[Board "177"]
[TimeControl "180+1"]
[WhiteFideId "1119290"]
[BlackFideId "35009192"]
[WhiteElo "2873"]
[BlackElo "3019"]
[WhiteTeam "POL"]
[BlackTeam "IND"]
[WhiteClock "0:00:06"]
[BlackClock "0:00:04"]

1. d4 Nf6 2. Nf3 b6 3. Bf4 Bb7 4. e3 Nh5 5. Bg5 h6 6. Bh4 g5 7. Bg3 d6 8. c4 Nd7 9. Nc3 Bg7 10. Be2 c5 11. d5 Nxg3 12. hxg3 Ne5 13. Qc2 Nxf3+ 14. gxf3 a6 15. a4 Kf8 16. f4 gxf4 17. gxf4 e6 18. Bf3 Qe8 19. Ke2 h5 20. Rxh5 Rxh5 21. Bxh5 exd5 22. Nxd5 Bxd5 23. cxd5 b5 24. Kf3 Qd7 25. Qh7 Qb7 26. Qf5 b4 27. Rb1 c4 28. e4 b3 29. Rg1 Bxb2 30. Qh7 Ke8 31. Rg8+ Kd7 32. Qxf7# 1-0

[Event "January 9 Early 2024"]
[Site "https://www.chess.com"]
[Date "2024.01.11"]
[Round "4"]
[White "Andrews, Todd"]
[Black "Sailer, Mike"]
[Result "0-1"]
[Board "178"]
[TimeControl "180+1"]
[WhiteFideId "2012456"]
[BlackFideId "2012901"]
[WhiteElo "2467"]
[BlackElo "2200"]
[WhiteTeam "USA"]
[BlackTeam "USA"]
[WhiteClock "0:00:02"]
[BlackClock "0:00:08"]

1. e4 d5 2. exd5 Qxd5 3. Nc3 Qd6 4. d4 c6 5. h3 Nf6 6. Nf3 Bf5 7. Bd3 Bxd3 8. Qxd3 e6 9. Ne4 Nxe4 10. Qxe4 Nd7 11. c3 Nf6 12. Qe2 Qc7 13. a4 a5 14. Ne5 Bd6 15. O-O O-O 16. f4 c5 17. dxc5 Bxc5+ 18. Be3 Nd5 19. Bxc5 Qxc5+ 20. Kh1 g6 21. Rae1 Rad8 22. Ng4 h5 23. Ne5 Ne7 24. Rf3 Nf5 25. g4 hxg4 26. hxg4 Nh6 27. Rh3 Kg7 28. f5 exf5 29. g5 Qd5+ 30. Kh2 Ng4+ 31. Nxg4 fxg4 32. Qxg4 Qd2+ 33. Qg2 Qxe1 34. Rg3 Rd2 0-1

[Event "January 9 Early 2024"]
[Site "https://www.chess.com"]
[Date "2024.01.11"]
[Round "4"]
[White "Szyszylo, Rafal"]
[Black "Ingebretsen, Jens E"]
[Result "0-1"]
[Board "179"]
[TimeControl "180+1"]
[WhiteFideId "1109626"]
[BlackFideId "1522965"]
[WhiteElo "2402"]
[BlackElo "2606"]
[WhiteTeam "POL"]
[BlackTeam "NOR"]
[WhiteClock "0:00:12"]
[BlackClock "0:00:22"]

1. e4 e6 2. d4 d5 3. e5 c5 4. c3 Bd7 5. Nf3 Qb6 6. Bd3 Bb5 7. dxc5 Bxc5 8. b4 Be7 9. Be3 Qa6 10. Bc2 b6 11. a4 Bd7 12. b5 Qb7 13. Nbd2 Nh6 14. O-O Nf5 15. Bf4 O-O 16. Nd4 Nh4 17. Bxh7+ Kxh7 18. Qh5+ Kg8 19. Rfe1 Ng6 20. Bg5 Bxg5 21. Qxg5 Be8 22. Re3 Qe7 23. Qh5 Qh4 24. Qe2 Nd7 25. g3 Qg5 26. f4 Nxf4 27. Qf3 Ng6 28. Nc6 Ndxe5 29. Qe2 Ng4 30. Rf3 Bxc6 31. bxc6 N6e5 32. Rf4 Nf6 33. Re1 Nxc6 34. Nf3 Qg6 35. Rh4 e5 36. Nxe5 Nxe5 37. Qxe5 Rae8 38. Qxe8 Rxe8 39. Rxe8+ Nxe8 40. Rg4 Qxg4 41. Kg2 Qd1 42. h3 Qxa4 43. Kf3 Qc4 44. h4 Qxc3+ 45. Kg4 Nf6+ 46. Kh3 Ne4 47. h5 Qxg3# 0-1

[Event "January 9 Early 2024"]
[Site "https://www.chess.com"]
[Date "2024.01.11"]
[Round "4"]
[White "Zilleruelo Irizarry, Diego"]
[Black "Yushko, Olga"]
[Result "1-0"]
[Board "180"]
[TimeControl "180+1"]
[WhiteFideId "3101460"]
[BlackFideId "14114500"]
[WhiteElo "2313"]
[BlackElo "2118"]
[WhiteTeam "PUR"]
[BlackTeam "UKR"]
[WhiteClock "0:00:08"]
[BlackClock "0:00:01"]

1. e4 e6 2. d4 d5 3. exd5 exd5 4. Bd3 Nf6 5. h3 c5 6. dxc5 Bxc5 7. Nf3 O-O 8. O-O Nc6 9. c3 Ne4 10. Nbd2 Ng3 11. Re1 Qb6 12. Nd4 Nxd4 13. cxd4 Bxd4 14. Qf3 Ne4 15. Nxe4 dxe4 16. Rxe4 f5 17. Rh4 Bf6 18. Bc4+ Be6 19. Be3 Qd6 20. Rd1 Qe7 21. Bc5 Qf7 22. Bxe6 Qxe6 23. Bxf8 Bxh4 24. Bb4 Rb8 25. Qf4 Bxf2+ 26. Qxf2 Qxa2 27. Bc3 Qf7 28. Qxa7 Re8 29. Qd4 h6 30. Rf1 Re7 31. g4 Rd7 32. Qe5 1-0

[Event "January 9 Early 2024"]
[Site "https://www.chess.com"]
[Date "2024.01.11"]
[Round "4"]
[White "Beerdsen, Thomas"]
[Black "Vokhidov, Shamsiddin"]
[Result "1/2-1/2"]
[Board "181"]
[TimeControl "180+1"]
[WhiteFideId "1030108"]
[BlackFideId "14204223"]
[WhiteElo "2857"]
[BlackElo "3006"]
[WhiteTeam "NED"]
[BlackTeam "UZB"]
[WhiteClock "0:00:36"]
[BlackClock "0:00:11"]

1. e4 c5 2. Nf3 e6 3. d4 cxd4 4. Bg5 Nf6 5. e5 h6 6. Bh4 g5 7. exf6 gxh4 8. Qxd4 Nc6 9. Qxh4 Nb4 10. Na3 Nd5 11. Nc4 Qxf6 12. Qe4 Bb4+ 13. Nfd2 b5 14. c3 bxc4 15. cxb4 Qxb2 16. Rb1 Qc3 17. Qxc4 Qe5+ 18. Qe4 Qxe4+ 19. Nxe4 Ke7 20. Bc4 Bb7 21. Nc5 Nb6 22. Bxe6 Bxg2 23. Rg1 fxe6 24. Rxg2 Rhg8 25. Rxg8 Rxg8 26. Ke2 Rg4 27. Nd3 Nd5 28. Rb3 Rh4 29. Ra3 Re4+ 30. Kd2 Rd4 31. Ke2 Nxb4 32. Nxb4 Rxb4 33. Rxa7 Rh4 34. a4 Rxh2 35. Ra8 Rh4 36. a5 e5 37. a6 Ra4 38. a7 Kd6 39. Kd3 Kd5 40. Kc3 h5 41. Kb3 Ra1 42. Kb4 h4 43. Kb5 Kd6 44. Kb6 Rb1+ 45. Ka6 Ra1+ 46. Kb6 Rb1+ 47. Ka6 Ra1+ 48. Kb6 1/2-1/2

[Event "January 9 Early 2024"]
[Site "https://www.chess.com"]
[Date "2024.01.11"]
[Round "4"]
[White "Ioannidis, Evgenios"]
[Black "Carnicelli, Valerio"]
[Result "1-0"]
[Board "182"]
[TimeControl "180+1"]
[WhiteFideId "4229274"]
[BlackFideId "856185"]
[WhiteElo "2800"]
[BlackElo "2577"]
[WhiteTeam "GRE"]
[BlackTeam "ITA"]
[WhiteClock "0:00:02"]
[BlackClock "0:00:02"]

1. d4 Nf6 2. c4 c5 3. d5 b5 4. cxb5 a6 5. bxa6 e6 6. Nc3 Bxa6 7. e4 Bxf1 8. Kxf1 exd5 9. Nxd5 Nc6 10. Bg5 Be7 11. Nf3 O-O 12. h4 Nxe4 13. Nxe7+ Nxe7 14. Qc2 d5 15. g3 f6 16. Bf4 Nf5 17. Kg2 Qb6 18. Rad1 Rfd8 19. Rhe1 Kh8 20. a3 c4 21. Rxd5 Rxd5 22. Qxe4 Qd8 23. Qxc4 Rc8 24. Qe4 h6 25. h5 Qd7 26. b4 Rc3 27. a4 Rdd3 28. g4 Nh4+ 29. Nxh4 Qxg4+ 30. Bg3 Rxg3+ 31. fxg3 Rxg3+ 32. Kf2 Qh3 33. Ng6+ 1-0

[Event "January 9 Early 2024"]
[Site "https://www.chess.com"]
[Date "2024.01.11"]
[Round "4"]
[White "Swicarz, Maciej"]
[Black "Khumalo, Keith"]
[Result "1-0"]
[Board "183"]
[TimeControl "180+1"]
[WhiteFideId "1113585"]
[BlackFideId "14319470"]
[WhiteElo "2501"]
[BlackElo "2685"]
[WhiteTeam "POL"]
[BlackTeam "RSA"]
[WhiteClock "0:00:14"]
[BlackClock "0:00:51"]

1. e4 c5 2. Nf3 d6 3. d4 cxd4 4. Nxd4 Nf6 5. Nc3 a6 6. Nb3 e5 7. Bg5 Be7 8. Bxf6 Bxf6 9. Bc4 O-O 10. O-O Be6 11. Bd5 Nc6 12. a3 Rc8 13. Qd3 Qc7 14. Rad1 Rfd8 15. g3 b5 16. Na2 Bxd5 17. exd5 Ne7 18. c3 Qc4 19. Qxc4 bxc4 20. Na5 Rc5 21. Nb7 Rdc8 22. Nxc5 Rxc5 23. Nb4 a5 24. Nc2 Nxd5 25. Ne3 Nxe3 26. fxe3 d5 27. Rd2 Bg5 28. Kf2 Rb5 29. Rfd1 f6 30. Kf3 e4+ 31. Ke2 Kf7 32. h4 Bh6 33. Rxd5 Rxb2+ 34. R1d2 Rb3 35. Rd7+ Kg6 36. R2d5 Rb2+ 37. Rd2 Rb3 38. Rc2 Rxa3 39. Rd4 f5 40. Rxc4 Kh5 41. Kf2 Kg4 42. Rc7 a4 43. Ra7 Ra1 44. c4 Ra3 45. Re2 g5 46. Rxh7 Bf8 47. hxg5 Bd6 48. g6 Bxg3+ 49. Kg2 Be5 50. g7 Bxg7 51. Rxg7+ Kh5 52. Kg3 Rc3 53. Kf4 Kh6 54. Rg3 1-0

[Event "January 9 Early 2024"]
[Site "https://www.chess.com"]
[Date "2024.01.11"]
[Round "4"]
[White "Tuncer, Tuna"]
[Black "Kukhmazov, Arsen"]
[Result "0-1"]
[Board "184"]
[TimeControl "180+1"]
[WhiteFideId "6349269"]
[BlackFideId "24108260"]
[WhiteElo "2621"]
[BlackElo "2907"]
[WhiteTeam "TUR"]
[BlackTeam "FID"]
[WhiteClock "0:00:01"]
[BlackClock "0:00:35"]

1. e4 c6 2. Nf3 d5 3. Nc3 Bg4 4. h3 Bh5 5. exd5 cxd5 6. Bb5+ Nc6 7. g4 Bg6 8. Ne5 Rc8 9. h4 f6 10. Nxg6 hxg6 11. d4 e6 12. Qd3 Kf7 13. Bxc6 bxc6 14. Ne2 Bd6 15. Be3 Ne7 16. Kf1 c5 17. dxc5 Bxc5 18. c3 Qb6 19. Bxc5 Rxc5 20. Qd2 Rc4 21. f3 e5 22. Kg2 Rhc8 23. h5 gxh5 24. Rxh5 d4 25. Rh7 dxc3 26. Nxc3 Qc6 27. Rd1 Rxg4+ 28. Kh2 Qxf3 29. Rh3 Qxh3+ 30. Kxh3 f5 31. Qd8 Rxd8 32. Rxd8 Rb4 33. b3 Rb7 34. Kg3 g5 35. Kf3 e4+ 36. Ke3 Ke6 37. Rf8 Ke5 38. Ne2 Rd7 39. Kf2 f4 40. Rf7 Ke6 41. Rh7 Rd2 42. Ke1 Rxa2 43. Nd4+ Kf6 0-1

[Event "January 9 Early 2024"]
[Site "https://www.chess.com"]
[Date "2024.01.11"]
[Round "4"]
[White "Perez Ponsa, Federico"]
[Black "Petrovic, Aleksa"]
[Result "1-0"]
[Board "185"]
[TimeControl "180+1"]
[WhiteFideId "117927"]
[BlackFideId "967629"]
[WhiteElo "2871"]
[BlackElo "2612"]
[WhiteTeam "ARG"]
[BlackTeam "SRB"]
[WhiteClock "0:00:49"]
[BlackClock "0:00:03"]

1. e4 b6 2. d4 Bb7 3. Nf3 Bxe4 4. Nc3 Bb7 5. Bd3 e6 6. O-O Nf6 7. Re1 Be7 8. Bg5 h6 9. Bh4 O-O 10. Qe2 Nd5 11. Bg3 Nb4 12. Be4 d5 13. Bg6 Ba6 14. Qe3 Bg5 15. Nxg5 Qxg5 16. a3 Qxe3 17. fxe3 N4c6 18. Bh5 Nd7 19. Bxc7 Rac8 20. Bd6 Rfd8 21. Bf3 Nf6 22. Bg3 Na5 23. Rec1 Nc4 24. Be2 Bb7 25. Bxc4 Rxc4 26. Nb5 Ba6 27. b3 Rc6 28. a4 Rd7 29. c4 Ne4 30. Be1 dxc4 31. Rxc4 Rxc4 32. bxc4 Nd6 33. Rc1 f5 34. Bg3 Ne4 35. c5 bxc5 36. dxc5 Nxg3 37. hxg3 Bxb5 38. axb5 Rc7 39. Kf2 Kf7 40. Ke2 Rb7 41. c6 Rc7 42. Kd3 Ke7 43. Kc4 a6 44. Kc5 axb5 45. Kb6 Rc8 46. Kb7 Re8 47. c7 Kd6 48. Rd1+ Ke5 49. Rd4 Re7 50. Kb8 Rxc7 51. Kxc7 g5 52. Kc6 f4 53. gxf4+ gxf4 54. Rxf4 1-0